Cogmind - Beta 16 @@@ ROGUE MODE // 2025.11.25 @ 18:38:53 Player: OBLIQUE Result: Destroyed by 5M-368(R) with Subdweller Laser Performance ------------- Evolutions (0) 0 Regions Visited (3) 600 Robots Destroyed (10) 50 Value Destroyed (197) 197 Prototype IDs (1) 20 Alien Tech Used (0) 0 Bonus (0) 0 TOTAL SCORE: 867 Bonus ------- None Cogmind --------- Core Integrity 0/250 Matter 295/300 Energy 99/100 System Corruption 0% Temperature Cool (6) Movement Core (50) Location -10/Subcaves Parts ------- > --- POWER (1) -------- (None) > --- PROPULSION (2) --- (None) > --- UTILITY (2) ------ (None) > --- WEAPON (2) ------- (None) > --- INVENTORY (5) ---- Armored Wheel Armored Wheel Light Assault Rifle Datajack Peak State ------------ > --- POWER ------------ Light Ion Engine > --- PROPULSION ------- Light Treads Compact Wheel > --- UTILITY ---------- Huge Storage Unit > --- WEAPON ----------- Advanced Beam Cannon Light Assault Rifle > --- INVENTORY -------- Light Treads Aluminum Leg Wheel Armored Wheel Armored Wheel Armored Wheel Armored Wheel Flight Unit Flight Unit Flight Unit Flight Unit Heat Sink Small Storage Unit Large Matter Pod High-capacity Matter Pod Signal Interpreter Small Laser Beam Cannon Advanced Beam Cannon Advanced Beam Cannon Advanced Beam Cannon Light Assault Rifle Light Assault Rifle Light Cannon Datajack [Rating: 11] Favorites ----------- Power Light Ion Engine Engine Light Ion Engine Propulsion Compact Wheel Treads Light Treads Wheel Compact Wheel Flight Unit Flight Unit Utility Huge Storage Unit Storage Huge Storage Unit Weapon Light Assault Rifle Energy Cannon Advanced Beam Cannon Ballistic Gun Light Assault Rifle Build | -11 -10 -10 -10 ------- Run | Yrd Mat Min Sub Slots Evolved . | . . . . Power . | . . . . Propulsion . | . . . . Utility . | . . . . Weapon . | . . . . Parts Attached 14 | 6 5 2 1 Power 2 | 1 . 1 . Engine 2 | 1 . 1 . Core . | . . . . Reactor . | . . . . Propulsion 5 | 2 1 1 1 Treads 2 | . 1 1 . Leg . | . . . . Wheel 2 | 2 . . . Hover . | . . . . Flight 1 | . . . 1 Utility 2 | 1 1 . . Device . | . . . . Storage 2 | 1 1 . . Processor . | . . . . Hackware . | . . . . Protection . | . . . . Artifact . | . . . . Weapon 5 | 2 3 . . Energy Gun . | . . . . Energy Cannon 1 | . 1 . . Ballistic Gun 4 | 2 2 . . Ballistic Cannon . | . . . . Launcher . | . . . . Special Weapon . | . . . . Impact Weapon . | . . . . Slashing Weapon . | . . . . Piercing Weapon . | . . . . Special Melee Weapon . | . . . . Unidentified Prototypes 1 | . 1 . . Parts Lost 13 | . 2 . 11 Power 2 | . . . 2 Propulsion 3 | . . . 3 Utility 2 | . . . 2 Weapon 6 | . 2 . 4 Highest Loss Streak 10 | . 2 . 10 To Critical Strikes . | . . . . Average Backups 16 | 2 14 23 22 Power . | . . . . Propulsion 6 | 1 5 10 9 Utility 4 | . 3 5 4 Weapon 5 | . 4 7 6 Tool/Special . | . . . . Unused Backups 12 | . 2 . 10 Power . | . . . . Propulsion 6 | . . . 6 Utility 2 | . . . 2 Weapon 3 | . 2 . 1 Tool/Special 1 | . . . 1 Average Slot Usage (%) 83 | . 84 84 78 Engine 13 | . 14 14 10 Treads 9 | . 8 13 13 Wheel 17 | . 19 14 13 Storage 13 | . 14 14 13 Energy Cannon 4 | . . 14 13 Ballistic Gun 22 | . 27 14 13 Peak Build Rating 11 | 6 11 11 11 Average Rating 8 | 3 7 10 10 On Entrance 7 | . 6 11 11 Avg Prop Armor Cover (%) 13 | . 13 14 14 Naked Turns 5 | . . . 5 Heaviest Build 88 | 11 88 88 88 Greatest Support 26 | 26 26 16 16 Greatest Overweight (x) 5 | . 5 5 5 Average Overweight (x) 3 | . 3 5 4 Largest Inventory Capacity 25 | 8 25 25 25 Average Capacity 23 | 7 24 25 23 Most Carried 25 | 6 25 24 24 Average Carried 16 | 2 14 23 23 Final Capacity 25 | 8 25 25 5 Final Carried 24 | 3 24 24 4 Class Distribution -------------------- 100% | Mutant Dominant Class ---------------- Mutant | -10/Materials Mutant | -10/Mines Mutant | -10/Subcaves Resources | -11 -10 -10 -10 ----------- Run | Yrd Mat Min Sub Matter Collected 729 | 250 315 43 121 Remotely . | . . . . Salvage Created 220 | . 220 . . Parts 14 | . 14 . . Haulers Intercepted . | . . . . Recyclers Shooed 1 | . 1 . . Parts Field Recycled . | . . . . Retrieved Matter . | . . . . Parts Self-Destructed 8 | . . . 8 Prevented . | . . . . Parts Restored . | . . . . Kills | -11 -10 -10 -10 ------- Run | Yrd Mat Min Sub Combat Hostiles Destroyed 8 | . 8 . . Guns 8 | . 8 . . Classes Destroyed 3 | . 3 . . Watcher 2 | . 2 . . Swarmer 5 | . 5 . . Grunt 3 | . 3 . . Best Kill Streak 3 | . 3 . . Combat Bots Only 3 | . 3 . . Max Kills in Single Turn 1 | . 1 . . Gunslinging . | . . . . Exploded . | . . . . Melee . | . . . . Uniques/NPCs Destroyed . | . . . . Combat | -11 -10 -10 -10 -------- Run | Yrd Mat Min Sub Hostile Shots Fired 92 | . 72 . 20 Missed 28 | . 24 . 4 Hits 64 | . 48 . 16 Projectile 64 | . 48 . 16 Critical Strikes 1 | . 1 . . Damage Taken 863 | . 542 . 321 Core 268 | . 109 . 159 Absorbed by Shields . | . . . . Core Remaining (%) 100 | 100 . . . Volleys Fired 39 | . 36 . 3 Largest 2 | . 2 . 2 Hottest 88 | . 40 . 88 Shots Fired 78 | . 72 . 6 Gun 75 | . 72 . 3 Cannon 3 | . . . 3 Launcher . | . . . . Special . | . . . . Kinetic 75 | . 72 . 3 Thermal 3 | . . . 3 Explosive . | . . . . Electromagnetic . | . . . . Robot Hit Streak 5 | . 5 . 3 Robot Miss Streak 7 | . 7 . 2 Penetration Max . | . . . . Secondary Targets 2 | . 2 . . Max Gunslinging Chain 1 | . 1 . . Shots Hit Robots 41 | . 38 . 3 Core Hits 19 | . 18 . 1 Critical Kills . | . . . . Critical Parts Destroyed . | . . . . Critical Strikes . | . . . . Melee Attacks . | . . . . Impact . | . . . . Slashing . | . . . . Piercing . | . . . . Sneak Attacks . | . . . . Combat Hostiles . | . . . . Follow-up Attacks . | . . . . Damage Inflicted 421 | . 387 . 34 Guns 401 | . 387 . 14 Cannons 20 | . . . 20 Explosions . | . . . . Melee . | . . . . Ramming . | . . . . Kinetic 401 | . 387 . 14 Thermal 20 | . . . 20 Explosive . | . . . . Electromagnetic . | . . . . Impact . | . . . . Slashing . | . . . . Piercing . | . . . . Highest Corruption . | . . . . Average Corruption . | . . . . Corruption Purged . | . . . . Corruption Blocked . | . . . . Overload Shots . | . . . . Overflow Damage . | . . . . Projectiles . | . . . . Explosions . | . . . . Melee . | . . . . Knockbacks . | . . . . Impact . | . . . . Kinetic . | . . . . Secondary . | . . . . Self-Inflicted Damage . | . . . . Shots . | . . . . Rammed . | . . . . Targets Rammed . | . . . . Kicked . | . . . . Crushed . | . . . . Highest Temperature 43 | . 43 . 10 Average Temperature 12 | . 12 . 7 Received Heat Transfer 243 | . 189 . 54 Siege Activations . | . . . . Martial Activations . | . . . . Shielding Activations . | . . . . Robots Disrupted . | . . . . Combat Hostiles . | . . . . Robots Corrupted . | . . . . Combat Hostiles . | . . . . Parts Fried . | . . . . Impact Corruptions . | . . . . Robots Melted . | . . . . Combat Hostiles . | . . . . Parts Melted . | . . . . Heat Transferred 37 | . . . 37 Parts Sabotaged . | . . . . Parts Stolen . | . . . . Parts Stripped . | . . . . Power Chain Reactions . | . . . . Alert | -11 -10 -10 -10 ------- Run | Yrd Mat Min Sub Maximum Alert Level . | . . . . Low Security (%) 100 | 100 100 100 . Level 1 . | . . . . Level 2 . | . . . . Level 3 . | . . . . Level 4 . | . . . . Level 5 . | . . . . High Security . | . . . . Max Security . | . . . . Peak Influence 90 | . 90 15 . Initial 15 | . . 15 . Average 16 | . 20 1 . Influence Increases 248 | . 248 . . Destroy 0b10 Robot/C 160 | . 160 . . Destroy 0b10 Robot/NC 10 | . 10 . . Destroy Leader 34 | . 34 . . Successful Hack 14 | . 14 . . Lose Combat Pursuer 30 | . 30 . . Influence Decreases 248 | . 208 40 . Entered New Map 25 | . . 25 . Time Decay 223 | . 208 15 . Squads Dispatched . | . . . . Investigation . | . . . . Extermination . | . . . . Reinforcement . | . . . . Assault . | . . . . Garrison . | . . . . Intercept . | . . . . Searches Triggered . | . . . . Construction Impeded . | . . . . Haulers Reinforced . | . . . . Active Scanning Responses . | . . . . Cargo Convoy Interrupts . | . . . . Stealth | -11 -10 -10 -10 --------- Run | Yrd Mat Min Sub Distress Signals 1 | . 1 . . Communications Jammed . | . . . . Distress Signals . | . . . . Times Spotted 19 | . 15 . 4 Peak Tracking Total 4 | . 3 . 4 Tactical Retreats 1 | . 1 . . Traps | -11 -10 -10 -10 ------- Run | Yrd Mat Min Sub Traps Triggered 2 | . 2 . . Indirectly . | . . . . Trap Hack Attempts . | . . . . Triggered . | . . . . Disarmed . | . . . . Reprogrammed . | . . . . Reused . | . . . . Traps Extracted . | . . . . Installed . | . . . . Triggered . | . . . . Machines | -11 -10 -10 -10 ---------- Run | Yrd Mat Min Sub Machines Disabled . | . . . . Max in Single Turn . | . . . . Machines Repaired . | . . . . Machines Dismantled . | . . . . Machines Sabotaged . | . . . . Overloaded Fab Kills . | . . . . Hacking | -11 -10 -10 -10 --------- Run | Yrd Mat Min Sub Machines Accessed 5 | . 5 . . Terminals 4 | . 4 . . Fabricators . | . . . . Repair Stations . | . . . . Recycling Units 1 | . 1 . . Scanalyzers . | . . . . Garrison Access . | . . . . Total Hacks 15 | . 15 . . Successful 4 | . 4 . . Failed 11 | . 11 . . Catastrophic 5 | . 5 . . Database Lockouts . | . . . . Manual 12 | . 12 . . Terminals 11 | . 11 . . Fabricators . | . . . . Repair Stations . | . . . . Recycling Units 4 | . 4 . . Scanalyzers . | . . . . Garrison Access . | . . . . Terminal Hacks 1 | . 1 . . Robot Analysis 1 | . 1 . . Fabricator Hacks . | . . . . Repair Station Hacks . | . . . . Recycling Unit Hacks . | . . . . Scanalyzer . | . . . . Garrison Access Hacks . | . . . . Unauthorized Hacks . | . . . . Terminals . | . . . . Fabricators . | . . . . Repair Stations . | . . . . Recycling Units . | . . . . Scanalyzers . | . . . . Garrison Access . | . . . . Data Cores Recovered . | . . . . Used . | . . . . Hacking Detections 5 | . 5 . . Full Trace Events 2 | . 2 . . Feedback Events . | . . . . Feedback Blocked . | . . . . Robot Schematics Acquired . | . . . . Robots Built . | . . . . Authchips . | . . . . Time . | . . . . Total Robot Build Rating . | . . . . Part Schematics Acquired . | . . . . Parts Built . | . . . . Authchips . | . . . . Time . | . . . . Total Part Build Rating . | . . . . Part Studies Acquired . | . . . . Parts Repaired . | . . . . Time . | . . . . Parts Recycled . | . . . . Recycled Matter . | . . . . Retrieved Matter . | . . . . Retrieved Components . | . . . . Parts Scanalyzed . | . . . . Part Schematics Acquired . | . . . . Parts Damaged . | . . . . Bothacking | -11 -10 -10 -10 ------------ Run | Yrd Mat Min Sub Used RIF Installer . | . . . . Robots Hacked . | . . . . Non-combat . | . . . . Combat . | . . . . Robot Hacks Applied . | . . . . Relay Couplers Released . | . . . . Fabnet Peak Effective % . | . . . . Robots Rewired . | . . . . Allies Hacked . | . . . . Hacks Repelled . | . . . . Allies | -11 -10 -10 -10 -------- Run | Yrd Mat Min Sub Total Allies . | . . . . Largest Group . | . . . . Highest-Rated Group . | . . . . Highest-Rated Ally . | . . . . Total Orders . | . . . . Ally Attacks . | . . . . Total Damage . | . . . . Kills . | . . . . Allies Corrupted . | . . . . Allies Melted . | . . . . Intel | -11 -10 -10 -10 ------- Run | Yrd Mat Min Sub Active Infowar (turns) . | . . . . Robot Analysis Total 1 | . 1 . . Derelict Logs Recovered . | . . . . Drone Launches . | . . . . Drone Recoveries . | . . . . Exploration | -11 -10 -10 -10 ------------- Run | Yrd Mat Min Sub Turns Passed 1333 | 50 890 214 179 Spaces Moved 743 | 42 483 113 105 Core 16 | 7 . . 9 Treads . | . . . . Legs . | . . . . Wheels 718 | 35 483 113 87 Hover . | . . . . Flight 9 | . . . 9 Fastest Speed 40 | 50 90 175 40 Average Speed 152 | 83 153 175 152 Slowest Speed 175 | 90 175 175 175 Overloaded Moves . | . . . . Propulsion Burnouts . | . . . . Robots Hopped . | . . . . Potential Cave-ins . | . . . . Cave-ins Triggered . | . . . . Exploration Rate (%) 31 | 3 76 42 6 Regions Visited 3 Branch Regions 2 Pre-discovered Areas . | . . . . Known Exits Taken . | . . . . Unknown Exits Taken 3 | 1 1 1 . Scrap Searched 1 | . . 1 . Spaces Dug . | . . . . Terrain Destroyed 2 | . . . 2 Melee . | . . . . Projectile 2 | . . . 2 AOE . | . . . . Terrain Rammed . | . . . . Walls Destroyed . | . . . . Machines Disabled . | . . . . Actions | -11 -10 -10 -10 --------- Run | Yrd Mat Min Sub Total 872 | 56 568 130 118 Wait 36 | . 13 14 9 Move 740 | 41 482 112 105 Hop . | . . . . Pick Up 38 | 9 28 1 . Fast Attach . | . . . . Attach 13 | 6 5 1 1 Detach . | . . . . Swap 3 | . 2 1 . Drop 3 | . 2 1 . Fire 39 | . 36 . 3 Melee . | . . . . Ram . | . . . . Kick . | . . . . Crush . | . . . . Escape Stasis . | . . . . Rewire . | . . . . Trap . | . . . . Miscellaneous . | . . . . Route ------- -11/Scrapyard -10/Materials (discovered 3 exits: [*Mat x2] / [*Min]) -10/Mines (discovered 2 exits: [*Mat] / [*Sub]) -10/Subcaves History --------- Turn | Location | Event 2 | -11/Scrapyard | Met Revision 17 19 | -11/Scrapyard | Discovered new exit (range 15) 51 | -11/Scrapyard | Entered Materials 301 | -10/Materials | Build established: Mutant 343 | -10/Materials | Discovered new exit (range 16) 486 | -10/Materials | Discovered new exit (range 14) 883 | -10/Materials | Discovered new exit (range 11) 941 | -10/Materials | Entered Mines 993 | -10/Mines | Met a Derelict bent on vengeance 1145 | -10/Mines | Discovered new exit (range 12) 1147 | -10/Mines | Discovered new exit (range 6) 1155 | -10/Mines | Entered Subcaves 1298 | -10/Subcaves | Core integrity fell below 50% 1321 | -10/Subcaves | Core integrity fell below 20% 1325 | -10/Subcaves | Released all parts (5) 1334 | -10/Subcaves | Destroyed by 5M-368(R) with Subdweller Laser Last Messages --------------- 01231_ Acquired 14 matter. 01232_ Acquired 10 matter. 01236_ Acquired 11 matter. 01289_ Lgt. Ion Engine destroyed. 01325_ Released Adv. Beam Cannon. 01325_ Released Lgt. Assault Rifle. 01325_ Released Com. Wheel. 01325_ Released Huge Storage Unit. 01325_ Lgt. Cannon crushed and broken. 01325_ Beam Cannon crushed and broken. 01325_ Lgt. Ion Engine crushed and broken. 01325_ Heat Sink crushed and broken. 01325_ Hcp. Matter Pod crushed and broken. 01325_ Adv. Beam Cannon crushed and broken. 01325_ Flight Unit crushed and broken. 01325_ Lgt. Assault Rifle crushed and broken. 01325_ Released Lgt. Treads. 01325_ Lgt. Treads crushed and broken. 01326_ Extracted 3 matter. 01332_ Flight Unit destroyed. Map ----- +----------------------------------------------------+ | ????????????????????# #???? ## #????????????? | | ????????????????????# ##?????##????? ????????????? | | ????????????????????## ##????????????????????????? | | ?????????????????????## #????????????????????????? | | ???????????????????### ##????????????????????????? | | ???????????????????# ##?????????????????????????? | | ???????????????????## #??????????????????????????? | | ??????????????????## ##??????????????????????????? | | ?????????????????## ##???????????????????????????? | | ?????????????????# ##????????????????????????????? | | ?????????????????# ###???????????????????????????? | | ?????????????????## #???????????????????????????? | | ??????????????????## ##??????????????????????????? | | ?????????????????# # #??????????????????????????? | | ??????????????????# ##??????????????????????????? | | ???????????????#### ##???????????????????????????? | | ???????????????# # #????????????????????????????? | | ???????????????## # #????????????????????????????? | | ??????????????## #R #????????????????????????????? | | ??????????????#=### ##???????????????????????????? | | ??????????????##!## ##??????????????????????????? | | ????????###????#[### ##????##???????????????????? | | ????????? #??##]#?### ##### ##??????????????????? | | ??????????#%###!=#???## # # ####???????????????? | | ???????????# ===##?#?# #???????????????? | | ???????????##[!###? ### @ #????????????????? | | ????????????#|= ### # #### ##????????????????? | | ????????????### #????? #?????????????????? | | ??????????????#### ##?????? ???????????????? | | ?????????????????## ##??????? ?????????????? | | ??????????????????# #????????## % ???????????? | | ?????????????????## ##???????##### ?##??????????? | | ??????????????#### #?????? ## ????????????? | | ???????????#### ##??? ???????????? | | ???????????# ## ??????????????? | | ??????????# #????????????????????? | | ?????????# #????????????????????? | | ?????????# "" ##????????????????????? | | ?????????# "" #### ###?????????????????????? | | ?????????#### ###???## ##???????????????????????? | | ????????????#"#????????##????????????????????????? | | ????????????##???????????????????????????????????? | | ?????????????????????????????????????????????????? | | ?????????????????????????????????????????????????? | | ?????????????????????????????????????????????????? | | ?????????????????????????????????????????????????? | | ?????????????????????????????????????????????????? | | ?????????????????????????????????????????????????? | | ?????????????????????????????????????????????????? | | ?????????????????????????????????????????????????? | +----------------------------------------------------+ Best States ------------- Heat Dissipation 25 Energy Generation 10 Energy Capacity 125 Matter Stores 300 Matter Capacity 300 Sight Range 16 Terrain Scan Density 10 Evasion (%) 62 Recoil Reduction 1 Item Schematics ----------------- None Robot Schematics ------------------ None Fabricated ------------ Nothing Repaired ---------- Nothing Studied --------- None Alien Tech Used ----------------- None Achievements -------------- You Again Challenges ------------ None Game ------ Seed BraceGravitonNetwork Manual? 0 Play Time 00:15:51 Cumulative 34.2 hours Start 2025.11.25 @ 18:23:38 End 2025.11.25 @ 18:38:53 Sessions 1 Manual Loads 0 Difficulty Rogue Special Mode None Game No. 17 Rogue 17 Adventurer 0 Explorer 0 Win Type - Total 1 Types 1/0/0/0/0/0/0/0/0/0 Lore% 25 Gallery% 30 Achievement% 29 Wizard Run 0 Options --------- Layout 1 ASCII 0 Keyboard 0 Movement Numpad Keybinds 0 Fullscreen 1 Font 24/Smallcaps Map View 50x35 Zoom Use 0% Tactical HUD 1 Map Filters NONE Filters NONE Steam 1 RUN: 9eb2976a-5f3a-40bb-9b6f-311412aad632